 Dungeon Crawl Stone Soup version 0.31-a0-1-g4198be8af4 (webtiles) character file.

Game seed: 7328274911458680074

68 DiggyJ the Chopper (level 4, -2/40 HPs)
             Began as a Hill Orc Fighter on May 2, 2023.
             Slain by Sigmund
             ... wielding a +0 scythe
              (5 damage)
             ... on level 2 of the Dungeon.
             The game lasted 00:01:49 (856 turns).

DiggyJ the Chopper (Hill Orc Fighter)                Turns: 856, Time: 00:01:49

Health: -2/40      AC:  7    Str: 20    XL:     4   Next: 19%
Magic:  4/4        EV:  9    Int:  8    God:
Gold:   97         SH:  0    Dex: 10    Spells: 3/3 levels left

rFire   . . .        a - +0 war axe
rCold   . . .        c - +0 buckler
rNeg    . . .        b - +0 scale mail
rPois   .            (no helmet)
rElec   .            (no cloak)
rCorr   .            (no gloves)
SInv    .            (no boots)
Will    .....        (no amulet) Stlth
                     (no ring)
HPRegen 0.26/turn    (no ring)
MPRegen 0.09/turn

%: no passive effects
@: confused
A: no striking features
a: no special abilities


You were on level 2 of the Dungeon.
You visited 1 branch of the dungeon, and saw 2 of its levels.

You collected 97 gold pieces.

Inventory:

Hand Weapons
 a - a +0 war axe (weapon)
Armour
 b - a +0 scale mail (worn)
 c - a +0 buckler (worn)
 l - a +0 chain mail
Scrolls
 g - 2 scrolls of identify {unknown}
 h - a scroll of noise {unknown}
 i - 3 scrolls of blinking {unknown}
 j - a scroll of teleportation {unknown}
Potions
 e - a potion of curing {unknown}
 f - a potion of ambrosia {unknown}
 k - a potion of brilliance {unknown}


   Skills:
 + Level 4.1 Fighting
 + Level 4.3 Axes
 + Level 3.8 Armour
 + Level 0.1 Dodging
 + Level 0.2 Stealth
 + Level 3.6 Shields


You had 3 spell levels left.
You didn't know any spells.
Your spell library was empty.

Dungeon Overview and Level Annotations

Branches:
Dungeon (2/15)

Altars:

Annotations:
D:2 Sigmund


Message History

You see here a ball python corpse.
Sigmund the Dreaded comes into view.
He is wielding a +0 scythe.
Sigmund shouts!
Sigmund mumbles some strange words.
Sigmund flickers and vanishes!
Deactivating autopickup; reactivate with Ctrl-A.
No target in view!
A puff of flame appears from out of thin air!
The puff of flame hits you!
Found 6 gold pieces.
You hear some strange, mumbled words.
A puff of flame appears from out of thin air!
The puff of flame hits you! Something hits you.
You barely miss something. Something hits you but does no damage.
You slash something! Something hits you.
You miss something.
You hear some strange, mumbled words.
You are confused.
You closely miss something.
You hear some strange, mumbled words.
A puff of flame appears from out of thin air!
The puff of flame misses you.
You miss something.
You hear some strange, mumbled words.
You are more confused.
You closely miss something. Something hits you but does no damage.
You're too confused to move!
Something hits you.
You bump into the rock wall.
Something hits you but does no damage.
You bump into the rock wall.
You miss something. Something hits you!
* * * LOW HITPOINT WARNING * * *
You completely miss something.
You hear some strange, mumbled words.
A puff of flame appears from out of thin air!
The puff of flame hits you.
* * * LOW HITPOINT WARNING * * *
You bump into the rock wall.
Something hits you but does no damage.
You bump into the rock wall.
Something hits you.
You die...

...# ##.########
..........#######
†...............#
###.#####.#####.#
# #.# #.# #.# #.#
#.# #.# #.# #.#
#.## #.# #.# #.@#
#.# #.# ##{#
###.#####.# #.#
.......##.# #.#
.####...#.# #.#
## #...... #.#
####....#### #.#
.)....#..(.# #$#
####<...#


There were no monsters in sight!

Vanquished Creatures
  Robin (D:2)
  A worm (D:2)
  A dart slug (D:1)
  3 endoplasms (D:1)
  2 giant cockroaches (D:1)
  11 goblins
  6 hobgoblins
  2 quokkas (D:1)
  3 ball pythons
  3 bats
  5 frilled lizards (D:1)
  6 kobolds (D:1)
  3 rats (D:1)
  A spectral hobgoblin (D:1)
48 creatures vanquished.

Notes
Turn   | Place    | Note
-------+----------+-------------------------------------------
     0 | D:1      | DiggyJ the Hill Orc Fighter began the quest for the Orb.
     0 | D:1      | Reached XP level 1. HP: 19/19 MP: 1/1
   111 | D:1      | Reached XP level 2. HP: 27/27 MP: 2/2
   254 | D:1      | Reached XP level 3. HP: 33/33 MP: 3/3
   369 | D:1      | Found a faded altar of an unknown god.
   744 | D:2      | Noticed Robin
   759 | D:2      | Killed Robin
   760 | D:2      | Reached XP level 4. HP: 24/40 MP: 4/4
   838 | D:2      | Noticed Sigmund
   854 | D:2      | HP: 2/40 [something/puff of flame (2)]
   856 | D:2      | Slain by Sigmund

Illustrated notes

Levels and vault maps discovered:
D:1:      lightli_arrival_lavapool, layout_basic,
          dreamdust_ecumenical_altar_drowned_temple, feat_on_display
D:2:      layout_loops_ring, serial_shops, nicolae_shop_back_alley_shop,
          roderic_st_hans_cross, st_stairs_11, ebering_dispersal_statue_hall,
          uniq_sigmund, uniq_robin, uniq_crazy_yiuf_cottage

Skill      XL: |  1  2  3 |
---------------+----------+-----
Axes           | 3 4 |  4.3
Fighting       | 4 |  4.1
Armour         | |  3.8
Dodging        | |  0.1
Stealth        | |  0.2
Shields        | |  3.6

Action                     |  1- 3 |  4- 6 || total
---------------------------+-------+-------++-------
  Melee: War axe           |    86 |     9 ||    95
    Use: Potion            |     1 |       ||     1
 Armour: Scale mail        |    46 |     4 ||    50
  Dodge: Dodged            |    51 |     1 ||    52
  Block: Buckler           |    15 |       ||    15

Table legend: (Time is in decaauts)
 A = Elapsed time spent in this place.
 B = Non-inter-level travel time spent in this place.
 C = Inter-level travel time spent in this place.
 D = Time resting spent in this place.
 E = Time spent auto-exploring this place.
 F = Levels seen in this place.
 G = Mean time per level.
                   A        B        C        D        E       F      G
               +--------+--------+--------+--------+--------+-----+--------+
         Total |    897 |    897 |      0 |      0 |    619 |   2 |  448.5 |
       Dungeon |    897 |    897 |      0 |      0 |    619 |   2 |  448.5 |
               +--------+--------+--------+--------+--------+-----+--------+

Top non-repeatable levels by time:
     D:1: 726 daAuts
     D:2: 171 daAuts
